 Dungeon Crawl Stone Soup version 0.31.0-32-g396128a36d (webtiles) character file.

Game seed: 727934659766672196

132 PaiMei the Grave Robber (level 4, -1/32 HPs)
             Began as a Demonspawn Necromancer on Apr 24, 2024.
             Slain by a kobold brigand
             ... wielding a +0 dagger
              (4 damage)
             ... in a sewer.
             The game lasted 00:03:26 (3240 turns).

PaiMei the Grave Robber (Demonspawn Necromancer)    Turns: 3240, Time: 00:03:27

Health: -1/32      AC:  3    Str:  8    XL:     4   Next: 92%
Magic:  4/8        EV:  6    Int: 18    God:
Gold:   48         SH:  0    Dex: 13    Spells: 4/8 levels left

rFire   . . .        e - +0 short sword
rCold   . . .        (no shield)
rNeg    . . .        a - +0 robe
rPois   .            m - +0 helmet
rElec   .            (no cloak)
rCorr   .            (no gloves)
SInv    .            (no boots)
Will    .....        (no amulet)
Stlth   +            (no ring)
HPRegen 0.25/turn    (no ring)
MPRegen 0.22/turn

%: no passive effects
@: lethally poisoned (-1 -> -2), held, slowed, very slow
A: foul stench 1, magic regeneration
a: no special abilities


You were in a sewer.
You visited 1 branch of the dungeon, and saw 3 of its levels.
You also visited: Sewer.

You collected 48 gold pieces.

Inventory:

Hand Weapons
 e - a +0 short sword (weapon)
Armour
 a - a +0 robe (worn)
 m - a +0 helmet (worn)
 n - a +0 hat
Scrolls
 c - a scroll of silence {unknown}
 d - a scroll of fear {unknown}
 h - 2 scrolls of poison {unknown}
 i - 3 scrolls of identify {unknown}
 j - a scroll of brand weapon {unknown}
 l - 3 scrolls of teleportation {unknown}
 o - a scroll of immolation {unknown}
Potions
 b - a potion of magic
 f - a potion of heal wounds {unknown}
 g - a potion of berserk rage {unknown}
 k - 2 potions of curing {unknown}


   Skills:
 + Level 1.6 Fighting
 + Level 2.7 Dodging
 - Level 2.2 Stealth
 + Level 2.9 Spellcasting
 + Level 5.1 Necromancy


You had 4 spell levels left.
You knew the following spells:

 Your Spells              Type           Power      Damage    Failure   Level
a - Necrotise             Necr           84%        1d8       1%          1
b - Vampiric Draining     Necr           21%        2d7       6%          3

Your spell library contained the following spells:

 Spells                   Type           Power      Damage    Failure   Level
 Apportation              Tloc           4%         N/A       17%         1
 Sting                    Conj/Alch      8%         1d3       17%         1
 Summon Small Mammal      Summ           8%         N/A       17%         1
 Animate Dead             Necr           21%        N/A       21%         4
 Curse of Agony           Necr           21%        N/A       50%         5


Dungeon Overview and Level Annotations

Branches:
Dungeon (3/15)              Sewer (1/1)

Altars:

Annotations:
D:2 1 runed translucent door, Crazy Yiuf


Innate Abilities, Weirdness & Mutations

You may rarely emit foul miasma when damaged in melee.
You regenerate magic rapidly.


Message History

Confirm with . or Enter, or press ? or * to list all spells.
Aiming: Necrotise (safe; 1% risk of failure)
Press: ? - help, Shift-Dir - straight line, f - kobold brigand
Aim: a kobold brigand, wielding a +0 dagger and quivering curare-tipped darts (chance to affect: 80%)
The kobold brigand barely resists.
You feel very sick.
The kobold brigand splashes around in the water.
Casting: Necrotise (safe; 1% risk of failure)
Confirm with . or Enter, or press ? or * to list all spells.
Aiming: Necrotise (safe; 1% risk of failure)
Press: ? - help, Shift-Dir - straight line, f/p - kobold brigand
Aim: a kobold brigand, wielding a +0 dagger and quivering curare-tipped darts (chance to affect: 80%)
The kobold brigand barely resists.
You feel very sick.
The kobold brigand hits you with a +0 dagger.
Casting: Necrotise (safe; 1% risk of failure)
Confirm with . or Enter, or press ? or * to list all spells.
Aiming: Necrotise (safe; 1% risk of failure)
Press: ? - help, Shift-Dir - straight line, f/p - kobold brigand
Aim: a kobold brigand, wielding a +0 dagger and quivering curare-tipped darts (chance to affect: 80%)
The kobold brigand writhes in agony.
You feel sick. The kobold brigand closely misses you.
The kobold brigand hits you with a +0 dagger.
* * * LOW HITPOINT WARNING * * *
Casting: Necrotise (safe; 1% risk of failure)
Confirm with . or Enter, or press ? or * to list all spells.
Aiming: Necrotise (safe; 1% risk of failure)
Press: ? - help, Shift-Dir - straight line, f/p - kobold brigand
Aim: a kobold brigand, wielding a +0 dagger and quivering curare-tipped darts (lightly wounded, chance to affect: 80%)
The kobold brigand writhes in agony.
You feel sick.
The kobold brigand hits you with a +0 dagger.
* * * LOW HITPOINT WARNING * * *
Casting: Necrotise (safe; 1% risk of failure)
Confirm with . or Enter, or press ? or * to list all spells.
Aiming: Necrotise (safe; 1% risk of failure)
Press: ? - help, Shift-Dir - straight line, f/p - kobold brigand
Aim: a kobold brigand, wielding a +0 dagger and quivering curare-tipped darts (moderately wounded, chance to affect: 80%)
The kobold brigand barely resists.
You feel sick.
The kobold brigand hits you with a +0 dagger.
You die...

### ##### ##..~
##..~##
#~....#####.~..~#
#....wK@~~~~~...#
#~~...#####..~.~#
##... ##~~~## #.#
##~ ##)## #.# #
#~# #.# #~# #.#
##~## ##.#
##~..## ##.~.
####.....####.~..


You could see a kobold brigand and a ribbon worm.

Vanquished Creatures
  A hound (D:1)
  2 adders (Sewer)
  A river rat (Sewer)
  3 ribbon worms
  3 dart slugs (D:2)
  4 bats
  7 endoplasms
  4 giant cockroaches
  3 hobgoblins
  3 jackals (D:2)
  3 kobolds
  3 quokkas
  7 ball pythons
  3 frilled lizards
  2 goblins
  4 rats
53 creatures vanquished.

Vanquished Creatures (collateral kills)
  2 endoplasms
  A jackal (D:2)
  A bat (D:1)
  A frilled lizard (D:1)
5 creatures vanquished.

Grand Total: 58 creatures vanquished

Notes
Turn   | Place    | Note
-------+----------+-------------------------------------------
     0 | D:1      | PaiMei the Demonspawn Necromancer began the quest for the
                  | Orb.
     0 | D:1      | Reached XP level 1. HP: 13/13 MP: 3/3
   269 | D:1      | Gained mutation: You regenerate magic rapidly. [demonic
                  | ancestry]
   269 | D:1      | Reached XP level 2. HP: 19/19 MP: 3/5
   609 | D:1      | Found a faded altar of an unknown god.
   693 | D:1      | Reached XP level 3. HP: 24/24 MP: 3/6
   697 | D:1      | Learned a level 3 spell: Vampiric Draining
  1696 | D:1      | Reached skill level 1 in Fighting
  1696 | D:1      | Reached skill level 5 in Necromancy
  1696 | D:1      | Gained mutation: You may rarely emit foul miasma when
                  | damaged in melee. [demonic ancestry]
  1696 | D:1      | Reached XP level 4. HP: 3/32 MP: 0/8
  2407 | D:2      | Found a runed translucent door.
  2408 | D:2      | Noticed Crazy Yiuf
  2844 | D:3      | Found a glowing drain.
  2893 | Sewer    | Entered a sewer
  3234 | Sewer    | Noticed a kobold brigand
  3240 | Sewer    | Slain by a kobold brigand

Illustrated notes

Levels and vault maps discovered:
D:1:      mainiacjoe_arrival_reflecting_pool, layout_basic,
          shapermc_ecumenical_altar_totnotflames, minmay_distorted
D:2:      layout_loops_corners, palyth_stone_intersect, hangedman_decor_points,
          nicolae_wormholes, uniq_crazy_yiuf_cottage
D:3:      layout_basic, cheibrodos_sewer_entry_drain
Sewer:    sewer_co_15_rooms

Skill      XL: |  1  2  3 |
---------------+----------+-----
Dodging        | 2 |  2.7
Stealth        | 2 |  2.2
Fighting       | 1 |  1.6
Necromancy     | 5 |  5.1
Spellcasting   | |  2.9

Action                     |  1- 3 |  4- 6 || total
---------------------------+-------+-------++-------
  Melee: Unarmed           |     4 |       ||     4
         Short sword       |    12 |     1 ||    13
   Cast: Necrotise         |    90 |    41 ||   131
 Armour: Robe              |    33 |    16 ||    49
  Dodge: Dodged            |    28 |    14 ||    42
